 Dungeon Crawl Stone Soup version 0.27.1-3-gb3d3a73c9e (webtiles) character file.

Game seed: 8056220508357554497

7 Crownlay the Vexing (level 1, 0/13 HPs)
             Began as a Vampire Enchanter on Oct 19, 2021.
             Slain by a hobgoblin (3 damage)
             ... on level 1 of the Dungeon.
             The game lasted 00:01:13 (182 turns).

Crownlay the Vexing (Vampire Enchanter)              Turns: 182, Time: 00:01:14

Health: 0/13       AC:  2    Str:  7    XL:     1   Next: 91%
Magic:  3/3        EV: 12    Int: 17    God:
Gold:   14         SH:  0    Dex: 14    Spells: 3/4 levels left

rFire    . . .     SeeInvis +   a - +1 dagger
rCold    . . .     Faith    .   (no shield)
rNeg     . . .     Spirit   .   b - +0 robe
rPois    .         Reflect  .   (no helmet)
rElec    .         Harm     .   (no cloak)
rCorr    .         Rampage  .   (no gloves)
Will     .....                  (no boots)
Stlth    +++.......             (no amulet)
HPRegen  0.24/turn              (no ring)
MPRegen  0.08/turn              (no ring)

@: healing quickly
A: alive, fangs 3, see invisible, vampiric 1
a: Exsanguinate


You were on level 1 of the Dungeon.
You visited 1 branch of the dungeon, and saw 1 of its levels.

You collected 14 gold pieces.

Inventory:

Hand Weapons
 a - a +1 dagger (weapon)
Armour
 b - a +0 robe (worn)
Scrolls
 c - a scroll of teleportation {unknown}
 d - a scroll of enchant weapon {unknown}


   Skills:
 - Level 1.1(1.4) Short Blades
 * Level 1.2(1.4) Long Blades
 - Level 2.1 Dodging
 - Level 4.4 Stealth
 - Level 2.0 Spellcasting
 + Level 4.7 Hexes


You had 3 spell levels left.
You knew the following spells:

 Your Spells              Type           Power      Damage    Failure   Level
a - Corona                Hex            18%        N/A       2%          1

Your spell library contained the following spells:

 Spells                   Type           Power      Damage    Failure   Level
 Confusing Touch          Hex            17%        N/A       9%          3
 Tukima's Dance           Hex            17%        N/A       9%          3
 Ensorcelled Hibernation  Hex/Ice        18%        N/A       11%         2
 Dazzling Flash           Conj/Hex       18%        N/A       22%         3


Dungeon Overview and Level Annotations

Branches:
Dungeon (1/15)

Altars:


Innate Abilities, Weirdness & Mutations

Your natural rate of healing is accelerated.
You have razor-sharp teeth.
You have supernaturally acute eyesight. (SInv)
You are afflicted with vampirism.


Message History

A hobgoblin comes into view. 2 dart slugs come into view.
Found a metallic green potion.
The hobgoblin shouts!
The hobgoblin shouts!
You hit the hobgoblin but do no damage.
You hear a bark!
A jackal comes into view.
The hobgoblin misses you.
You hit the hobgoblin.
The hobgoblin is lightly wounded.
The jackal bites the plant.
The plant begins to die.
The dart slug barely misses you. The hobgoblin hits you.
You hit the hobgoblin but do no damage.
The hobgoblin is lightly wounded.
The jackal bites the plant.
A jackal comes into view.
You barely miss the hobgoblin.
The hobgoblin is lightly wounded.
The jackal bites the plant.
The hobgoblin hits you.
The jackal bites the plant.
The dart slug launches a dart at you. The slug dart misses you.
The jackal bites the plant.
You hit the hobgoblin. You bite the hobgoblin.
You kill the hobgoblin!
The jackal bites the plant. x2
The dart slug launches a dart at you. The slug dart misses you.
The hobgoblin barely misses you. The dart slug closely misses you.
You hit the hobgoblin. Your bite misses the hobgoblin.
The hobgoblin is moderately wounded.
The jackal bites the plant. x2; The hobgoblin hits you.
The jackal bites the plant.
You hit the hobgoblin.
The hobgoblin is severely wounded.
A nearby plant withers and dies.
The dart slug launches a dart at you. The slug dart hits you.
* * * LOW HITPOINT WARNING * * *
The hobgoblin hits you.
You die...

## #####.♣.♣ #
#.♣.♣ # #.♣.♣ #
####.♣.♣#
#####.......#
........w..###
..#.#.........#
...(........P.#
##...g@P♣♣PP.#
##..w.w♣


PPP# .......P.P♣♣PP# ##.......... # #.......P.P. #.....###P. .. #..... h♣♣ P
#♣!♣## h. You could see 3 dart slugs, 2 jackals and a hobgoblin.

Vanquished Creatures
  A dart slug (D:1)
  A goblin (D:1)
  2 hobgoblins (D:1)
  A rat (D:1)
5 creatures vanquished.

Vanquished Creatures (others)
  A plant (D:1)
1 creature vanquished.

Grand Total: 6 creatures vanquished

Notes
Turn   | Place    | Note
-------+----------+-------------------------------------------
     0 | D:1      | Crownlay the Vampire Enchanter began the quest for the Orb.
     0 | D:1      | Reached XP level 1. HP: 13/13 MP: 3/3
    88 | D:1      | Reached skill level 1 in Long Blades
   182 | D:1      | Slain by a hobgoblin

Illustrated notes

Levels and vault maps discovered:
D:1:      scummos_arrival_simple_crosswalls, layout_loops_cross, serial_forest,
          infiniplex_forest_clump_medium, infiniplex_forest_clump_tiny,
          infiniplex_forest_straight_2, infiniplex_forest_clump_C,
          infiniplex_forest_straight_2, infiniplex_forest_lined_corner,
          infiniplex_forest_end_2, infiniplex_forest_straight_2,
          infiniplex_forest_clump_double, solitary_fountain

Skill      XL: |  1 |
---------------+----+-----
Long Blades    | 1 |  1.2
Short Blades   | |  1.1
Dodging        | |  2.1
Stealth        | |  4.4
Spellcasting   | |  2.0
Hexes          | |  4.7

Action                   || total
-------------------------++-------
Melee: Dagger            ||    23
       Bite              ||     2
 Stab: Sleeping          ||     1
Armor: Robe              ||     3
Dodge: Dodged            ||    10
